 Dungeon Crawl Stone Soup version 0.29.1-12-g30fa7ad0bf (webtiles) character file.

Game seed: 10423066046345951388

233 cheesebisquit the Trooper (level 5, 0/48 HPs)
             Began as a Minotaur Berserker on Dec 23, 2022.
             Was a Believer of Trog.
             Slain by an orc wizard
             ... wielding a +2 dagger of distortion
              (4 damage)
             ... on level 4 of the Dungeon.
             The game lasted 00:12:08 (2501 turns).

cheesebisquit the Trooper (Minotaur Berserker)      Turns: 2501, Time: 00:12:09

Health: 0/48       AC: 11    Str: 23    XL:     5   Next: 74%
Magic:  4/4        EV:  7    Int:  4    God:    Trog [**....]
Gold:   243        SH:  8    Dex: 10    Spells: 4/4 levels left

rFire   . . .      SeeInvis .   a - +0 mace
rCold   + . .      Faith    .   r - +0 buckler
rNeg    . . .      Spirit   .   t - +0 plate armour
rPois   .          Reflect  +   (helmet restricted)
rElec   .          Harm     .   (no cloak)
rCorr   .          Rampage  .   (no gloves)
Will    ++...                   (no boots)
Stlth   ..........              v - amulet of reflection
HPRegen 1.16/turn               s - ring of protection from cold
MPRegen 0.09/turn               (no ring)

@: strong-willed, on berserk cooldown, regenerating, slowed, very slow
A: horns 2, retaliatory headbutt
a: Renounce Religion, Berserk, Trog's Hand


You were on level 4 of the Dungeon.
You worshipped Trog.
Trog was pleased with you.
You visited 1 branch of the dungeon, and saw 4 of its levels.

You collected 243 gold pieces.

Inventory:

Hand Weapons
 a - a +0 mace (weapon)
 b - a +0 sling
Missiles
 h - 42 stones (quivered)
 q - 13 poisoned darts
Armour
 f - a +0 animal skin
 l - a +0 chain mail
 r - a +0 buckler (worn)
 t - a +0 plate armour (worn)
Jewellery
 s - a ring of protection from cold (left hand)
 v - an amulet of reflection (around neck)
Scrolls
 c - 6 scrolls of identify {unknown}
 e - 2 scrolls of vulnerability {unknown}
 g - a scroll of amnesia {unknown}
 m - 2 scrolls of brand weapon {unknown}
 o - a scroll of noise {unknown}
 u - a scroll of immolation {unknown}
 w - a scroll of fear {unknown}
 x - a scroll of butterflies {unknown}
 y - 2 scrolls of teleportation {unknown}
Potions
 d - 2 potions of berserk rage {unknown}
 i - 6 potions of heal wounds {unknown}
 j - 2 potions of attraction {unknown}
 k - 2 potions of haste {unknown}
 n - 2 potions of curing {unknown}
 p - a potion of brilliance {unknown}
 z - a potion of lignification {unknown}
 A - a potion of magic {unknown}


   Skills:
 + Level 5.0 Fighting
 + Level 5.0 Maces & Flails
 + Level 4.2 Armour
 + Level 3.8 Dodging


You had 4 spell levels left.
You didn't know any spells.
Your spell library was empty.

Dungeon Overview and Level Annotations

Branches:
Dungeon (4/15)
 Temple: D:4-7

Altars:

Shops:
D:1 =   D:3 !?(


Innate Abilities, Weirdness & Mutations

You have a pair of horns on your head.
You reflexively headbutt those who attack you in melee.


Message History

You completely miss the orc. You headbutt the orc!
You kill the orc!
Trog accepts your kill.
You hit something. Something hits you but does no damage.
Space warps horribly around you!
You barely miss something. Your headbutt misses something.
You hear some strange, mumbled words.
A puff of flame appears from out of thin air!
The puff of flame hits you.
You hear some strange, mumbled words.
A puff of flame appears from out of thin air!
The puff of flame misses you.
Your skin crawls.
You feel strong-willed. Something hits you but does no damage.
You blink.
A red film seems to cover your vision as you go berserk!
You feel yourself moving faster!
You feel mighty!
You feel a strong urge to attack something.
You feel your anger nearly subside.
You are no longer berserk.
You are exhausted.
You feel yourself slow down.
A magic dart appears from out of thin air!
The magic dart hits you but does no damage.
You see here a hound corpse.
You block something's attack.
You miss something.
You hear some strange, mumbled words.
A puff of flame appears from out of thin air!
The puff of flame hits you! Something hits you.
You blink.
A giant cockroach comes into view.
You hear some strange, mumbled words.
A magic dart appears from out of thin air!
The magic dart hits you but does no damage.
Something hits you but does no damage. Space warps horribly around you!
* * * LOW HITPOINT WARNING * * *
You closely miss something. Something hits you but does no damage.
Space warps horribly around you!
* * * LOW HITPOINT WARNING * * *
Something hits you.
You die...

.# ########.##. #.#
#.........B. #.#
#.##.###.###### #.#
#.#.@.##.....!. #.#
#....{.......). #.#
###..........## #.#
#.....†..).#.#
.###.######†.#######)#
# .............# .#
####.#######.# .# #.#
#..# .# #.# ##.# .#


There were no monsters in sight!

Vanquished Creatures
  A hound (D:4)
  An orc priest (D:4)
  An iguana (D:4)
  3 adders
  3 gnolls (D:2)
  A dart slug (D:1)
  An orc (D:4)
  3 bats
  4 endoplasms
  15 giant cockroaches
  4 goblins
  8 hobgoblins
  7 jackals
  4 quokkas
  12 ball pythons
  6 frilled lizards
  5 kobolds
  6 rats
85 creatures vanquished.

Notes
Turn   | Place    | Note
-------+----------+-------------------------------------------
     0 | D:1      | cheesebisquit the Minotaur Berserker began the quest for
                  | the Orb.
     0 | D:1      | Reached XP level 1. HP: 19/19 MP: 0/0
     5 | D:1      | Found Vaqupsem's Jewellery Shop.
   107 | D:1      | Reached XP level 2. HP: 26/27 MP: 1/1
   313 | D:1      | Found a faded altar of an unknown god.
   536 | D:1      | Reached XP level 3. HP: 25/33 MP: 2/2
  1300 | D:2      | Reached XP level 4. HP: 40/40 MP: 3/3
  1624 | D:3      | Found Facullek's Distillery.
  1673 | D:3      | Found Koimifi's Magic Scroll Emporium.
  1689 | D:3      | Found Adef's Antique Weapon Shop.
  1779 | D:3      | Reached ** piety under Trog
  2213 | D:4      | Reached XP level 5. HP: 47/47 MP: 4/4
  2487 | D:4      | Reached skill level 5 in Fighting
  2487 | D:4      | Reached skill level 5 in Maces & Flails
  2501 | D:4      | Slain by an orc wizard

Illustrated notes

Levels and vault maps discovered:
D:1:      heliophobic_arrival_henge, layout_loops_cross,
          shapermc_ecumenical_altar_acropolis, serial_shops, shop, st_stairs_5,
          minmay_tall_x
D:2:      layout_rooms, minivault_14, st_stairs_8, nicolae_elevator_lobby_plus
D:3:      minmay_roachtagon, layout_basic, serial_shops, shop_statue, shop,
          shop_coins, minmay_increasing_density
D:4:      layout_loops_ring, lemuel_doored_altar

Skill      XL: |  1  2  3  4  5 |
---------------+----------------+-----
Maces & Flails | 4 5 |  5.0
Fighting       | 4 5 |  5.0
Armour         | 3 4 |  4.2
Dodging        | 3 |  3.8

Action                   |  1- 3 |  4- 6 || total
-------------------------+-------+-------++-------
Melee: Mace              |    87 |    97 ||   184
       Headbutt          |     8 |    12 ||    20
       Punch             |     1 |       ||     1
Invok: Berserk           |     4 |     2 ||     6
       Trog's Hand       |       |     1 ||     1
Armor: Animal skin       |     7 |       ||     7
       Chain mail        |    32 |    10 ||    42
       Plate armour      |       |    67 ||    67
Dodge: Dodged            |    48 |    36 ||    84
Block: Buckler           |       |    14 ||    14
